 Dungeon Crawl Stone Soup version 0.25.0-41-g26779e291d (webtiles) character file.

Game seed: 6433527621345255793

1064 Ethylacetat the Firebug (level 8, 0/46 HPs)
             Began as an Octopode Fire Elementalist on July 10, 2020.
             Was an Initiate of Sif Muna.
             Shot with an arrow by a centaur (12 damage)
             ... on level 5 of the Dungeon.
             The game lasted 00:18:25 (6392 turns).

Ethylacetat the Firebug (OpFE)                      Turns: 6392, Time: 00:18:26

Health: 0/46       AC:  1    Str:  7    XL:     8   Next: 27%
Magic:  11/14      EV: 13    Int: 20    God:    Sif Muna [......]
Gold:   276        SH:  0    Dex: 12    Spells: 9/15 levels left

rFire    . . .     SeeInvis .   i - +2 short sword (venom)
rCold    . . .     Gourm    .   (no shield)
rNeg     . . .     Faith    .   (helmet restricted)
rPois    +         Spirit   .   (no amulet)
rElec    .         Reflect  .   n - ring of poison resistance
rCorr    .         Harm     .   (no ring)
MR       .....                  (no ring)
Stlth    +++.......             (no ring)
HPRegen  0.15/turn              (no ring)
MPRegen  0.14/turn              (no ring)
                                (no ring)
                                (no ring)

@: no status effects
A: almost no armour, stealthy swim, amphibious, 8 rings, constrict 8, camouflage
1, gelatinous body 1
a: Renounce Religion


You were on level 5 of the Dungeon.
You worshipped Sif Muna.
Sif Muna was noncommittal.
You were very hungry.

You visited 1 branch of the dungeon, and saw 5 of its levels.

You collected 276 gold pieces.

Inventory:

Hand Weapons
 i - a +2 short sword of venom (weapon)
Missiles
 d - a throwing net (quivered)
Jewellery
 n - a ring of poison resistance (left tentacle)
Wands
 o - a wand of random effects (22)
Scrolls
 c - 3 scrolls of magic mapping {unknown}
 f - a scroll of enchant weapon {unknown}
 g - 6 scrolls of teleportation {unknown}
 h - 4 scrolls of identify {unknown}
 j - 3 scrolls of fear {unknown}
 l - a scroll of random uselessness {unknown}
 m - a scroll of enchant armour {unknown}
Potions
 a - 3 potions of stabbing {unknown}
 e - 2 potions of curing {unknown}
 k - a potion of lignification {unknown}
 p - a potion of berserk rage {unknown}
 q - a potion of might {unknown}
 r - a potion of mutation {unknown}
 s - a potion of degeneration {unknown}
 t - a potion of flight {unknown}
Comestibles
 b - 10 rations


   Skills:
 - Level 2.0 Dodging
 - Level 2.6 Stealth
 + Level 4.0 Spellcasting
 * Level 5.5 Conjurations
 * Level 6.4 Fire Magic
 + Level 3.1 Invocations


You had 9 spell levels left.
You knew the following spells:

 Your Spells              Type           Power        Failure   Level  Hunger
a - Foxfire               Conj/Fire      ####         1%          1    None
b - Fireball              Conj/Fire      ####......   30%         5    ######.

Your spell library contained the following spells:

 Spells                   Type           Power        Failure   Level  Hunger
 Conjure Flame            Conj/Fire      ####....     3%          3    ###....
 Inner Flame              Hex/Fire       ###.....     11%         3    ###....
 Sticky Flame             Conj/Fire      ####....     11%         4    ####...


Dungeon Overview and Level Annotations

Branches:
Dungeon (5/15)
 Temple: D:4-7

Altars:
Sif Muna

Annotations:
D:5 Dowan, Duvessa


Innate Abilities, Weirdness & Mutations

You cannot wear most types of armour.
You are very stealthy in the water. (Stealth+)
You are amphibious.
You can wear up to eight rings at the same time.
You can use your tentacles to constrict eight enemies at once.
Your skin changes colour to match your surroundings (Stealth+).
Your rubbery body absorbs attacks. (AC +1, EV +1)


Message History

Confirm with . or Enter, or press ? or * to list all spells.
You conjure some foxfire!
The foxfire hits the bullfrog skeleton!
The bullfrog skeleton is heavily damaged.
The foxfire hits the bullfrog skeleton!
The bullfrog skeleton is severely damaged.
The centaur shoots an arrow.
The arrow hits you!
* * * LOW HITPOINT WARNING * * *
The foxfire hits the bullfrog skeleton.
The bullfrog skeleton is severely damaged.
The foxfire hits the bullfrog skeleton.
The bullfrog skeleton is almost destroyed.
The bullfrog skeleton hits you.
* * * LOW HITPOINT WARNING * * *
There is an open door here.
Things that are here:
a +0 flail; an orc corpse The bullfrog skeleton closely misses you.
The centaur shoots an arrow.
The arrow closely misses you.
The centaur shoots an arrow.
The arrow hits you!
You die...

#.>.......... #############
##### #........ .....
#.####### ... ..# #....# #
.. ..#######.# #....# #
...########...(..#.# #....#
# .........##....#.#.#
#....# #
.........##..@.'.#.# #....#
#
.)......[##..Z.###>###....#
#
.........##....).....#....#
#
#.......##....##....#....#
#
#.....c.)c.........)..####
# ##....(.############### #
######## # # #


You could see a centaur and a bullfrog skeleton.

Vanquished Creatures
  Eustachio (D:5)
  A sky beast (D:5)
  4 ogres
  A phantom (D:5)
  A howler monkey (D:3)
  An orc priest (D:5)
  Crazy Yiuf (D:2)
  A centaur skeleton (D:4)
  2 hounds
  2 orc wizards (D:5)
  A worker ant (D:4)
  5 adders
  2 oozes
  An adder skeleton (D:4)
  2 worms
  2 dart slugs (D:1)
  5 leopard geckos
  4 orcs
  7 giant cockroaches
  8 goblins
  5 hobgoblins
  5 jackals
  11 kobolds
  4 quokkas
  8 bats
  9 frilled lizards
  8 rats
102 creatures vanquished.

Vanquished Creatures (collateral kills)
  A frilled lizard (D:1)
1 creature vanquished.

Vanquished Creatures (others)
  324 foxfires
324 creatures vanquished.

Grand Total: 427 creatures vanquished

Notes
Turn   | Place    | Note
-------+----------+-------------------------------------------
     0 | D:1      | Ethylacetat the Octopode Fire Elementalist began the quest
                  | for the Orb.
     0 | D:1      | Reached XP level 1. HP: 11/11 MP: 3/3
   169 | D:1      | Reached XP level 2. HP: 7/17 MP: 0/5
   621 | D:1      | Reached XP level 3. HP: 19/21 MP: 6/6
  1431 | D:2      | Reached XP level 4. HP: 27/27 MP: 1/7
  2008 | D:2      | Found a runed translucent door.
  2009 | D:2      | Noticed Crazy Yiuf
  2020 | D:2      | Killed Crazy Yiuf
  2020 | D:2      | Reached skill level 4 in Fire Magic
  2462 | D:2      | Reached XP level 5. HP: 31/31 MP: 4/9
  3655 | D:3      | Found a shimmering blue altar of Sif Muna.
  3658 | D:3      | Became a worshipper of Sif Muna the Loreminder
  4298 | D:4      | Noticed an ogre
  4305 | D:4      | Reached XP level 6. HP: 18/36 MP: 3/10
  4307 | D:4      | Reached skill level 5 in Fire Magic
  4307 | D:4      | Reached skill level 1 in Invocations
  4849 | D:4      | Reached XP level 7. HP: 41/41 MP: 7/12
  5221 | D:5      | Entered Level 5 of the Dungeon
  5222 | D:5      | Noticed Eustachio
  5229 | D:5      | Noticed Dowan
  5231 | D:5      | Noticed Duvessa
  5235 | D:5      | Killed Eustachio
  5452 | D:5      | Reached skill level 5 in Conjurations
  5452 | D:5      | Reached skill level 6 in Fire Magic
  5754 | D:5      | Reached XP level 8. HP: 29/46 MP: 13/13
  5869 | D:5      | Learned a level 5 spell: Fireball
  6392 | D:5      | Shot with an arrow by a centaur

Illustrated notes

Levels and vault maps discovered:
D:1:      co_arrival_square_in_a_square_in_a_square, layout_basic
D:2:      minmay_angry_zag, layout_basic, minmay_pentomino_u4,
          uniq_crazy_yiuf_cottage
D:3:      layout_basic, lemuel_blue_sif_altar
D:4:      minmay_razor_zed, layout_rooms
D:5:      layout_basic, minmay_temple_entry_glass, first_ration, uniq_duvessa,
          uniq_eustachio

Skill      XL: |  1  2  3  4  5  6  7  8 |
---------------+-------------------------+-----
Conjurations   | 2 3 4 5 |  5.5
Fire Magic     | 4 5 6 |  6.4
Spellcasting   | 3 4 |  4.0
Invocations    | 1 2 3 |  3.1
Dodging        | |  2.0
Stealth        | |  2.6

Action                   |  1- 3 |  4- 6 |  7- 9 || total
-------------------------+-------+-------+-------++-------
Melee: Unarmed           |    23 |     2 |       ||    25
       Constrict         |     7 |     4 |     4 ||    15
       Tentacles         |     5 |     2 |     1 ||     8
       Short sword       |       |    20 |    15 ||    35
 Cast: Foxfire           |    52 |   108 |    58 ||   218
 Stab: Sleeping          |       |     2 |       ||     2
  Eat: Chunk             |     2 |    11 |     3 ||    16
Armor: Skin              |     1 |     1 |       ||     2
Dodge: Dodged            |    16 |    12 |    12 ||    40
